[Event "*** Titled Tuesday Blitz"]
[Site "Chess.com"]
[Date "2020.01.07"]
[Round "6"]
[White "Gahan-MG"]
[Black "chessdjw"]
[Result "0-1"]
[WhiteElo "2497"]
[BlackElo "2656"]
[TimeControl "180+2"]
[EndTime "14:19:39 PST"]
[Termination "chessdjw won by resignation"]

1. e4 e5 2. Nf3 Nc6 3. d4 exd4 4. Nxd4 Bc5 5. Nxc6 bxc6 6. Nc3 Nf6 7. Bd3 d6 8. h3 h6 9. Na4 Bb6 10. O-O O-O 11. Qf3 Re8 12. Nxb6 axb6 13. Bd2 Bb7 14. Bc3 c5 15. Bxf6 Qxf6 16. Qxf6 gxf6 17. Rfe1 c4 18.
Bxc4 Rxe4 19. Rxe4 Bxe4 20. c3 d5 21. Bb3 c6 22.
Re1 Kf8 23. c4 dxc4 24. Bxc4 Bd5 25. Bxd5 cxd5 26. a3 Rc8 27. Re2 Rc1+ 28. Kh2 Rd1 29. g4 d4 30. Kg3 d3 31. Re3 d2 32. Kg2 Re1 0-1

[Event "*** Titled Tuesday Blitz"]
[Site "Chess.com"]
[Date "2020.01.07"]
[Round "6"]
[White "INLOVEWITHF"]
[Black "Valk4"]
[Result "1/2-1/2"]
[WhiteElo "2421"]
[BlackElo "2287"]
[TimeControl "180+2"]
[EndTime "14:19:48 PST"]
[Termination "Game drawn by repetition"]

1. e4 e5 2. Nf3 Nc6 3. Bb5 a6 4. Ba4 Nf6 5. O-O Be7 6. Re1 b5 7. Bb3 d6 8. a4 Bd7 9. c3 Na5 10. Bc2 O-O 11. d4 exd4 12. cxd4 Bg4 13. h3 Bh5 14.
Nbd2 Bg6 15. b3 c5 16. d5 Nd7 17. Nf1 Bf6 18. Rb1 bxa4 19. bxa4 Nc4 20. Ng3 Re8 21.
Nh2 Bh4 22. Nf3 Bf6 23. Nh2 Bh4 24. Nf3 Bf6 1/2-1/2

[Event "*** Titled Tuesday Blitz"]
[Site "Chess.com"]
[Date "2020.01.07"]
[Round "6"]
[White "kingofthenil"]
[Black "Eliwood44"]
[Result "0-1"]
[WhiteElo "2476"]
[BlackElo "2343"]
[TimeControl "180+2"]
[EndTime "14:19:55 PST"]
[Termination "Eliwood44 won by checkmate"]

1. e4 e5 2. Nf3 Nc6 3. Bc4 Nf6 4. d3 h6 5. Nc3 Bb4 6. O-O O-O 7. Ne2 d5 8. exd5 Nxd5 9. Ng3 Re8 10. c3 Bf8 11.
Qb3 Be6 12. Qxb7 Na5 13. Qa6 Nxc4 14. dxc4 Nb6 15. b3 e4 16. Nd4 Bc8 17. Qa5 c5 18. Ndf5 h5 19. Be3 h4 20. Rad1 Qf6 21. Qb5 Bxf5 22. Nxf5 Qxf5 23. a4 h3 24. a5 Qg4 25.
g3 Qf3 26. Rfe1 Qg2# 0-1

[Event "*** Titled Tuesday Blitz"]
[Site "Chess.com"]
[Date "2020.01.07"]
[Round "6"]
[White "jlucasvf"]
[Black "lupta_robin"]
[Result "0-1"]
[WhiteElo "2695"]
[BlackElo "2538"]
[TimeControl "180+2"]
[EndTime "14:20:05 PST"]
[Termination "lupta_robin won by resignation"]

1. e4 g6 2. d4 Nf6 3. e5 Nh5 4. Be2 d6 5. Bxh5 gxh5 6. Qxh5 dxe5 7.
dxe5 Qd5 8. Nf3 Qe4+ 9. Be3 Qxc2 10. O-O Qg6 11. Qh4 Rg8 12. g3 Qg4 13. Nbd2 Qxh4 14. Nxh4 Nc6 15. Rac1 Be6 16. b3 O-O-O 17. Ndf3 Bd5 18.
Rfd1 e6 19. Ng5 Be7 20. Nxf7 Bxh4 21. Nxd8 Bxd8 22. f4 h5 23. Bf2 0-1

[Event "*** Titled Tuesday Blitz"]
[Site "Chess.com"]
[Date "2020.01.07"]
[Round "6"]
[White "wadsy27"]
[Black "NTBT_DHS"]
[Result "0-1"]
[WhiteElo "2464"]
[BlackElo "2624"]
[TimeControl "180+2"]
[EndTime "14:20:34 PST"]
[Termination "NTBT_DHS won by checkmate"]

1. Nf3 Nf6 2. b3 g6 3. Bb2 Bg7 4. g3 O-O 5. Bg2 d5 6. O-O c5 7. c4 d4 8. e3 Nc6 9. exd4 cxd4 10. Re1 a5 11. d3 Nd7 12. a3 Nc5 13. Ng5 Qb6 14.
Ne4 Nxb3 15. Nbd2 Nxa1 16. Qxa1 a4 17. Rb1 Qc7 18. Nf3 Rd8 19. Bc1 Bf5 20. Bf4 e5 21.
Bg5 Rdb8 22. Nh4 Bxe4 23. Bxe4 Na5 24. Rb5 Nb3 25. Qd1 Ra5 26. Rxa5 Qxa5 27. Be7 Qd2 28. Qf3 Qe1+ 29. Kg2 Nd2 30. Qg4 Qf1# 0-1

[Event "*** Titled Tuesday Blitz"]
[Site "Chess.com"]
[Date "2020.01.07"]
[Round "6"]
[White "LarissaSteenbekkers"]
[Black "PowerThinking2650"]
[Result "0-1"]
[WhiteElo "1712"]
[BlackElo "2349"]
[TimeControl "180+2"]
[EndTime "14:20:34 PST"]
[Termination "PowerThinking2650 won by resignation"]

1. e4 e5 2. Nf3 Nc6 3. Bb5 a6 4. Ba4 Nf6 5. O-O Be7 6. Re1 b5 7. Bb3 d6 8. c3 O-O 9. h3 Bb7 10. d4 Re8 11. Ng5 Rf8 12. Nf3 h6 13. a4 Re8 14.
Nbd2 Bf8 15. Bc2 exd4 16. cxd4 Nb4 17. Bb1 c5 18. d5 Nd7 19. Ra3 c4 20. Nd4 Qf6 21.
N2f3 Nc5 22. b3 Nbd3 23. bxc4 Nxe1 24. Qxe1 bxc4 25. Re3 Rab8 26. Bb2 Bxd5 27. Bc3 Nxa4 28. exd5 Rxe3 29. Qxe3 Rxb1+ 0-1

[Event "*** Titled Tuesday Blitz"]
[Site "Chess.com"]
[Date "2020.01.07"]
[Round "6"]
[White "Sneakiest_Of_Snakes"]
[Black "TheBigBadChessDad"]
[Result "1/2-1/2"]
[WhiteElo "2123"]
[BlackElo "2277"]
[TimeControl "180+2"]
[EndTime "14:20:41 PST"]
[Termination "Game drawn by repetition"]

1. e4 e5 2. Nf3 Nf6 3. Nxe5 d6 4. Nf3 Nxe4 5. Nc3 Nxc3 6. dxc3 Be7 7. Bc4 O-O 8. Be3 Nd7 9. Qd2 Ne5 10. Be2 Nxf3+ 11. Bxf3 c6 12. O-O-O Be6 13. Kb1 a5 14. g4 a4 15. g5 a3 16. b3 Qa5 17. h4 Rfe8 18. h5 Bf8 19. g6 fxg6 20. hxg6 hxg6 21. Rdg1 Bf5 22. Bd4 Re6 23. Rh4 Rae8 24. Rgh1 d5 25. Rh8+ Kf7 26. R8h7 Be4 27. Qf4+ Bf5 28. Qd2 Be4 29.
Qf4+ Bf5 30. Qd2 1/2-1/2

[Event "*** Titled Tuesday Blitz"]
[Site "Chess.com"]
[Date "2020.01.07"]
[Round "6"]
[White "FredyMatsuura"]
[Black "Oleg_Papayan"]
[Result "1-0"]
[WhiteElo "2254"]
[BlackElo "2401"]
[TimeControl "180+2"]
[EndTime "14:20:46 PST"]
[Termination "FredyMatsuura won by resignation"]

1. d4 d5 2. c4 Nd7 3. cxd5 Ngf6 4. Nc3 b5 5. a3 a6 6. e4 Nb6 7. Bg5 h6 8. Bh4 e6 9. dxe6 Bxe6 10. d5 Bc8 11. e5 g5 12. exf6 gxh4 13. Qe2+ Kd7 14.
O-O-O Qxf6 15. Ne4 Qf4+ 16. Kb1 Bb7 17. g3 Qe5 18. Nc5+ Kc8 19. Bh3+ Kb8 20. Qxe5 Bxc5 21. Qxh8+ Ka7 22. Qc3 Bd4 23. Qxd4 c5 24. Qxc5 a5 25. Bg2 1-0

[Event "*** Titled Tuesday Blitz"]
[Site "Chess.com"]
[Date "2020.01.07"]
[Round "6"]
[White "Hrant_ChessMood"]
[Black "1stSecond"]
[Result "1-0"]
[WhiteElo "2938"]
[BlackElo "2841"]
[TimeControl "180+2"]
[EndTime "14:20:48 PST"]
[Termination "Hrant_ChessMood won by resignation"]

1. e4 e5 2. Nf3 Nc6 3. Bc4 Bc5 4. c3 Nf6 5. d4 exd4 6. e5 d5 7. Bb5 Ne4 8. cxd4 Bb6 9. Nc3 Bg4 10. Be3 O-O 11. h3 Bh5 12. Qc2 Bxf3 13. gxf3 Ng5 14. O-O-O Ne6 15. Bxc6 bxc6 16. f4 Qh4 17. Rhg1 Rad8 18.
Ne2 Qh5 19. f5 Nxd4 20. Nxd4 c5 21. Nc6 d4 22. Nxd8 dxe3 23. fxe3 c4 24. Kb1 Bxe3 25. Rg4 Qxh3 26. Rxc4 c5 27. e6 Bd4 28. Nxf7 Qf3 29. Ng5 Qxf5 30. Qxf5 Rxf5 31. Rdxd4 cxd4 32. e7 1-0

[Event "*** Titled Tuesday Blitz"]
[Site "Chess.com"]
[Date "2020.01.07"]
[Round "6"]
[White "ChessyInstinct"]
[Black "Keaton87"]
[Result "1/2-1/2"]
[WhiteElo "2469"]
[BlackElo "2616"]
[TimeControl "180+2"]
[EndTime "14:20:50 PST"]
[Termination "Game drawn by agreement"]

1. d4 Nf6 2. c4 g6 3. Nc3 Bg7 4. e4 O-O 5. Be2 d6 6. Be3 a6 7.
Nf3 c5 8. d5 b5 9. cxb5 axb5 10. e5 Ng4 11. e6 fxe6 12. dxe6 Nxe3 13. fxe3 Bxe6 14. O-O b4 15. Ng5 Rxf1+ 16. Qxf1 bxc3 17. Nxe6 cxb2 18. Nxd8 bxa1=Q 19. Bc4+ Kh8 1/2-1/2

[Event "*** Titled Tuesday Blitz"]
[Site "Chess.com"]
[Date "2020.01.07"]
[Round "6"]
[White "temus_galaktionov"]
[Black "francyIM"]
[Result "1-0"]
[WhiteElo "2749"]
[BlackElo "2614"]
[TimeControl "180+2"]
[EndTime "14:20:51 PST"]
[Termination "temus_galaktionov won by resignation"]

1. d4 d5 2. Nf3 Nf6 3. c4 c6 4. Qb3 a6 5. cxd5 cxd5 6. Nc3 Nc6 7. Bg5 e6 8. e3 Be7 9. Bd3 h6 10. Bh4 O-O 11. O-O Bd7 12. Rfc1 Na5 13. Qd1 b5 14. a4 b4 15. Ne2 b3 16. Ne5 Be8 17. h3 Ne4 18.
Bxe7 Qxe7 19. Bxe4 dxe4 20. Rc5 Qd8 21. Rac1 f6 22.
Ng4 Bxa4 23. Nf4 Re8 24. Rc7 Re7 25. Nxf6+ gxf6 26. Qg4+ Kf7 27. Qg6+ Kf8 28. Qxf6+ Ke8 29. Qg6+ Kf8 30. Qxh6+ Kf7 31. Qh7+ 1-0

[Event "*** Titled Tuesday Blitz"]
[Site "Chess.com"]
[Date "2020.01.07"]
[Round "6"]
[White "AndrewDGreen"]
[Black "pedroholly22"]
[Result "0-1"]
[WhiteElo "2201"]
[BlackElo "2332"]
[TimeControl "180+2"]
[EndTime "14:20:52 PST"]
[Termination "pedroholly22 won by resignation"]

1. d4 Nc6 2. d5 Ne5 3. e4 Ng6 4.
Nf3 d6 5. Nc3 a6 6. Be3 e5 7. dxe6 Bxe6 8. h4 Qd7 9. h5 N6e7 10. Nd4 O-O-O 11. Nxe6 fxe6 12. Qd2 d5 13. O-O-O Nf6 14. e5 Ng4 15. Bf4 Nc6 16. Qe1 Bc5 17.
Bg3 Rhf8 18. Ne4 Bb6 19. Rh4 Ngxe5 20. Ng5 h6 21. Nh7 Rf5 22. f3 Rh8 23. Bxe5 Rxe5 24. Qd2 Be3 0-1

[Event "*** Titled Tuesday Blitz"]
[Site "Chess.com"]
[Date "2020.01.07"]
[Round "6"]
[White "Pultis"]
[Black "FelixJoseYnojosa"]
[Result "0-1"]
[WhiteElo "2820"]
[BlackElo "2667"]
[TimeControl "180+2"]
[EndTime "14:20:55 PST"]
[Termination "FelixJoseYnojosa won by resignation"]

1. Nf3 c5 2. g3 Nc6 3. Bg2 e5 4. d3 Nf6 5. O-O h6 6. e4 Be7 7. Nc3 O-O 8. h3 d6 9. Nd2 Rb8 10. Kh2 b5 11. f4 b4 12. Ne2 exf4 13. gxf4 Nd4 14. Nxd4 cxd4 15. Nf3 Qb6 16. Qe1 d5 17. e5 Ne8 18. Qf2 Nc7 19. Nxd4 Bc5 20. Be3 Nb5 21. Nf5 d4 22. Nxd4 Bxd4 23. Bxd4 Qxd4 24.
Qg3 Bf5 25. Rg1 g6 26. Rae1 Rbc8 27. Re2 Qxb2 28. e6 Rxc2 29. e7 Rxe2 30. exf8=Q+ Kxf8 31. Qh4 Kg7 0-1

[Event "*** Titled Tuesday Blitz"]
[Site "Chess.com"]
[Date "2020.01.07"]
[Round "6"]
[White "Khalakhanov"]
[Black "Mr_Sinigami"]
[Result "0-1"]
[WhiteElo "2365"]
[BlackElo "2585"]
[TimeControl "180+2"]
[EndTime "14:21:06 PST"]
[Termination "Mr_Sinigami won by resignation"]

1. e4 d5 2. exd5 Nf6 3. Nc3 Nxd5 4. d4 g6 5. Nf3 Bg7 6. Bc4 Nb6 7. Be2 O-O 8. Be3 Nc6 9. Qd2 Bg4 10. O-O-O Nb4 11.
a3 N4d5 12. Nxd5 Qxd5 13. Kb1 Nc4 14. Bxc4 Qxc4 15. Bh6 Bxf3 16. gxf3 Rad8 17. Bxg7 Kxg7 18. Qe3 e6 19. h4 h5 20. Rhg1 Rd5 21. Rg5 Rfd8 22. c3 Rxg5 23. Qxg5 Rd5 24. Qe3 a5 25. Rg1 b5 26. Rg5 Rxg5 27. Qxg5 Qd3+ 28. Ka2 0-1

[Event "*** Titled Tuesday Blitz"]
[Site "Chess.com"]
[Date "2020.01.07"]
[Round "6"]
[White "Everyfishknows"]
[Black "HouseOfDurin"]
[Result "1-0"]
[WhiteElo "2338"]
[BlackElo "2123"]
[TimeControl "180+2"]
[EndTime "14:21:34 PST"]
[Termination "Everyfishknows won on time"]

1. Nf3 c5 2. c4 Nc6 3. d4 cxd4 4.
Nxd4 g6 5. e4 Bg7 6. Be3 d6 7.
Nc3 a6 8. Be2 e5 9. Nc2 Nge7 10. O-O O-O 11. f3 Be6 12. Qd2 Qc7 13.
Rac1 f5 14. Nd5 Qd8 15. Bb6 Qd7 16. Nc7 Rac8 17. Nxe6 Qxe6 18. Ne3 fxe4 19. fxe4 Nd4 20. Bg4 Nef5 21. exf5 gxf5 22. Bxd4 fxg4 23. Bb6 Bh6 24.
Qd5 Qxd5 25. cxd5 Rxc1 26. Rxc1 Rf7 27. Rc8+ Kg7 28. Nxg4 Bd2 29. Be3 1-0

[Event "*** Titled Tuesday Blitz"]
[Site "Chess.com"]
[Date "2020.01.07"]
[Round "6"]
[White "MITerryble"]
[Black "Witik"]
[Result "0-1"]
[WhiteElo "2900"]
[BlackElo "2684"]
[TimeControl "180+2"]
[EndTime "14:21:36 PST"]
[Termination "Witik won by resignation"]

1. e4 c6 2. d4 d5 3. exd5 cxd5 4. Bd3 Nc6 5. c3 Qc7 6. h3 Nf6 7. Qe2 Nxd4 8. Qd1 Nc6 9. Nf3 e5 10. Bb5 Bd6 11. Bg5 Be6 12. Bxf6 gxf6 13. Nbd2 O-O-O 14. Qa4 Kb8 15. O-O-O d4 16. Bxc6 dxc3 17. bxc3 Qxc6 18.
Qxc6 bxc6 19. Ne4 Ba3+ 20. Kc2 Bf5 21. Rb1+ Kc7 22. Rhe1 h5 23. Kb3 Be7 24. Ka4 Rd3 25. Rb3 c5 26. c4 Rhd8 27. Nc3 a6 28. Ka5 Bc8 29. Nd5+ R3xd5 30. cxd5 c4 31. d6+ Rxd6 0-1

[Event "*** Titled Tuesday Blitz"]
[Site "Chess.com"]
[Date "2020.01.07"]
[Round "6"]
[White "SirMittensofMittensville"]
[Black "Indianlad"]
[Result "0-1"]
[WhiteElo "2556"]
[BlackElo "2909"]
[TimeControl "180+2"]
[EndTime "14:21:41 PST"]
[Termination "Indianlad won by resignation"]

1. e4 e5 2. Nf3 Nc6 3. Bc4 Bc5 4. d3 d6 5. c3 Nf6 6. O-O a6 7. Bb3 Ba7 8. Nbd2 h6 9. Re1 g5 10. Nf1 g4 11. N3d2 h5 12. Nc4 h4 13. Be3 Rg8 14.
Bxa7 Rxa7 15. g3 Be6 16. Nce3 Qd7 17. d4 Bxb3 18. Qxb3 exd4 19. Nd5 Rg6 20. Rad1 Ne5 21. cxd4 Nf3+ 22. Kg2 hxg3 23. fxg3 Nxe1+ 24. Rxe1 Nxd5 25. Qxd5 Qb5 26. Ne3 Qxb2+ 27. Kg1 Qb5 28. e5 Qxd5 29.
Nxd5 Kd7 30. Nf4 Rh6 31. d5 dxe5 32. Rxe5 Ra8 33. Rf5 Rf8 34. Rg5 Rb6 35. Rxg4 Rb1+ 36. Kg2 Rb2+ 37. Kf3 Rxh2 38. Rg7 Kd6 39. a4 Ra2 40.
Rh7 Rxa4 41. Rh6+ Kd7 42. Rf6 b5 43. Ng6 fxg6 44. Rxf8 Rd4 45. Ra8 Rxd5 46. Rxa6 Rd6 0-1

[Event "*** Titled Tuesday Blitz"]
[Site "Chess.com"]
[Date "2020.01.07"]
[Round "6"]
[White "Rainbow2014"]
[Black "aquaticpineapples"]
[Result "0-1"]
[WhiteElo "2257"]
[BlackElo "2344"]
[TimeControl "180+2"]
[EndTime "14:21:46 PST"]
[Termination "aquaticpineapples won by checkmate"]

1. e4 d5 2. exd5 Qxd5 3. Nc3 Qa5 4. d4 Nf6 5. Nf3 Nc6 6. Bc4 Bg4 7. Be3 O-O-O 8.
O-O e5 9. d5 e4 10. Qe1 exf3 11.
dxc6 fxg2 12. Kxg2 Qh5 13. cxb7+ Kxb7 14. Be2 Bd6 15.
f4 Rhe8 16. Bf3+ c6 17. Qe2 Bxf3+ 18. Qxf3 Ng4 19. Bg1 Bc5 20. h3 Bxg1 21. Rxg1 Rd2+ 22. Kg3 Re3 23. hxg4 Qh2# 0-1

[Event "*** Titled Tuesday Blitz"]
[Site "Chess.com"]
[Date "2020.01.07"]
[Round "6"]
[White "Jbd735"]
[Black "Ray_Yang"]
[Result "1-0"]
[WhiteElo "2469"]
[BlackElo "2273"]
[TimeControl "180+2"]
[EndTime "14:21:48 PST"]
[Termination "Jbd735 won by checkmate"]

1. e4 e6 2. d4 d5 3. Nc3 Bb4 4. e5 c5 5. a3 Bxc3+ 6. bxc3 Ne7 7. Nf3 Qc7 8. a4 b6 9. Bb5+ Bd7 10. Bd3 cxd4 11.
cxd4 Nbc6 12. c3 Nxe5 13. Nxe5 Qxc3+ 14. Bd2 Qxd4 15. Nxd7 Qxd3 16. Ne5 Qe4+ 17. Qe2 Qd4 18. O-O O-O 19. Rfe1 Nf5 20. a5 b5 21. a6 Nd6 22.
Rab1 Nc4 23. Nxc4 bxc4 24. Qe3 Qf6 25. Bc3 Qg6 26. Rb7 Qc2 27. Qd4 f6 28. Rxe6 Rfe8 29. Rxg7+ Kh8 30. Rge7 Rxe7 31. Qxf6+ Kg8 32. Qh8+ Kf7 33.
Rf6# 1-0

[Event "*** Titled Tuesday Blitz"]
[Site "Chess.com"]
[Date "2020.01.07"]
[Round "6"]
[White "Konavets"]
[Black "platy3"]
[Result "1-0"]
[WhiteElo "2984"]
[BlackElo "2900"]
[TimeControl "180+2"]
[EndTime "14:21:51 PST"]
[Termination "Konavets won by resignation"]

1. e4 c5 2. Nc3 Nc6 3. Nf3 Nf6 4. Bb5 g6 5. e5 Ng4 6. Bxc6 dxc6 7. h3 Nh6 8. g4 f6 9. d3 Nf7 10. Qe2 Bg7 11.
exf6 Bxf6 12. Bd2 O-O 13. O-O-O b6 14. Ne4 Nd6 15. Bh6 Re8 16. Nfg5 Nxe4 17. dxe4 Qc7 18. Qc4+ e6 19. Nf3 a5 20. e5 Ba6 21. Qe4 Be7 22.
h4 Rad8 23. h5 Rxd1+ 24. Rxd1 Rd8 25. Rh1 gxh5 26. gxh5 Bf8 27. Rg1+ Kh8 28. Bg5 Be7 29. Bf6+ Bxf6 30. exf6 Qf7 31. Ne5 Qxf6 32. Nf7+ 1-0

[Event "*** Titled Tuesday Blitz"]
[Site "Chess.com"]
[Date "2020.01.07"]
[Round "6"]
[White "Babbelbox"]
[Black "MiroVlasenko"]
[Result "1-0"]
[WhiteElo "2525"]
[BlackElo "2671"]
[TimeControl "180+2"]
[EndTime "14:21:56 PST"]
[Termination "Babbelbox won by resignation"]

1. e4 Nc6 2. Nf3 d6 3. d4 Nf6 4. Bd3 Bg4 5. Be3 e5 6. c3 g6 7. Nbd2 Bg7 8. h3 Bd7 9. d5 Ne7 10. c4 Nh5 11. g3 b6 12. Qc2 O-O 13. O-O-O a6 14. Kb1 Qc8 15. Ng1 f5 16. exf5 Nxf5 17. g4 Nxe3 18. fxe3 Nf6 19. Ne4 Bh6 20. Qe2 Nxe4 21.
Bxe4 b5 22. c5 dxc5 23. d6 cxd6 24. Rxd6 Qc7 25. Qd3 Rad8 26. Nf3 Bf5 27. Rxd8 Rxd8 28. Bd5+ Kg7 29. gxf5 c4 30. Qe4 gxf5 31. Rg1+ Kh8 32. Qh4 Bg7 33. Ng5 h6 34. Nf7+ 1-0

[Event "*** Titled Tuesday Blitz"]
[Site "Chess.com"]
[Date "2020.01.07"]
[Round "6"]
[White "Ginzburg_Yakov"]
[Black "promen1999"]
[Result "0-1"]
[WhiteElo "2575"]
[BlackElo "2794"]
[TimeControl "180+2"]
[EndTime "14:21:59 PST"]
[Termination "promen1999 won on time"]

1. e4 c5 2. Nf3 e6 3. d4 cxd4 4. Nxd4 a6 5. c4 Qc7 6. Nc3 Nf6 7. a3 Nc6 8. Nc2 b6 9. Be2 Bb7 10. O-O h5 11. h3 Ne5 12. Ne3 g5 13. b4 g4 14. h4 Ng6 15. Bb2 Bg7 16. Ncd5 Qd8 17. f4 Nxd5 18. Nxd5 Bxb2 19. f5 Qxh4 20. fxg6 g3 21. Nc7+ Kd8 22. Nxe6+ fxe6 0-1

[Event "*** Titled Tuesday Blitz"]
[Site "Chess.com"]
[Date "2020.01.07"]
[Round "6"]
[White "GMHess"]
[Black "Parhamov"]
[Result "0-1"]
[WhiteElo "2758"]
[BlackElo "3060"]
[TimeControl "180+2"]
[EndTime "14:22:08 PST"]
[Termination "Parhamov won on time"]

1. d4 d5 2. c4 e6 3. Nc3 Bb4 4. Nf3 Nf6 5. Bg5 dxc4 6. Qa4+ Nc6 7. e4 Bd7 8. Qc2 b5 9. e5 h6 10. exf6 hxg5 11. fxg7 Rg8 12. Qh7 Ne7 13. h4 c5 14.
h5 Qa5 15. Rc1 O-O-O 16. h6 g4 17. Nd2 cxd4 18. Qc2 dxc3 19. bxc3 Ba3 20. Rd1 Ng6 21. Rh5 Bc6 22. Nxc4 Rxd1+ 23. Kxd1 Qd8+ 24. Nd2 f5 25.
Qb3 Qd6 26. Bxb5 Rd8 27. Ba6+ Kc7 28. Qc2 Bxg2 29. Be2 Nf4 30. h7 Qe5 31. Bc4 Bf3+ 0-1

[Event "*** Titled Tuesday Blitz"]
[Site "Chess.com"]
[Date "2020.01.07"]
[Round "6"]
[White "DrRiebert"]
[Black "secretsuperstar7"]
[Result "1-0"]
[WhiteElo "2375"]
[BlackElo "2217"]
[TimeControl "180+2"]
[EndTime "14:22:09 PST"]
[Termination "DrRiebert won by resignation"]

1. e4 c5 2. Nf3 d6 3. d4 cxd4 4. Nxd4 Nf6 5. Nc3 a6 6. Nb3 e6 7.
g4 Nc6 8. Bg2 Be7 9. Be3 Qc7 10.
g5 b5 11. a3 Bb7 12. gxf6 gxf6 13. f4 f5 14. exf5 Bh4+ 15. Kf1 Rg8 16. Rg1 O-O-O 17. Qh5 Bf6 18. Rd1 d5 19. Ne2 Bxb2 20.
Ned4 Nxd4 21. Nxd4 Bxd4 22. Rxd4 Qxc2 23. Qxf7 exf5 24. Rd2 Qc4+ 25. Kf2 Rgf8 26. Qe6+ Kb8 27. Qe5+ Ka8 28. Qd4 Qxd4 29. Bxd4 Rfe8 30. Be5 Rc8 31. Bf3 Red8 32. Rg7 a5 33. Rxh7 1-0

[Event "*** Titled Tuesday Blitz"]
[Site "Chess.com"]
[Date "2020.01.07"]
[Round "6"]
[White "tteshan"]
[Black "SCIM"]
[Result "0-1"]
[WhiteElo "2280"]
[BlackElo "2465"]
[TimeControl "180+2"]
[EndTime "14:22:12 PST"]
[Termination "SCIM won by resignation"]

1. d4 Nf6 2. c4 g6 3. Nc3 d5 4.
cxd5 Nxd5 5. e4 Nxc3 6. bxc3 Bg7 7. Be3 c5 8. Bc4 Qa5 9. Qd2 O-O 10. Ne2 cxd4 11. cxd4 Qxd2+ 12. Bxd2 Nc6 13. Bc3 Rd8 14. Rd1 Bd7 15. f3 Rac8 16. Bb3 b5 17. Kf2 b4 18. Bb2 Na5 19. Rc1 Bb5 20. Rxc8 Rxc8 21. Rc1 Rxc1 22. Nxc1 Kf8 23. Ke3 Nc4+ 24. Bxc4 Bxc4 25. Nb3 Ke8 26. Bc1 e5 27. d5 Bxb3 28.
axb3 Bh6+ 0-1

[Event "*** Titled Tuesday Blitz"]
[Site "Chess.com"]
[Date "2020.01.07"]
[Round "6"]
[White "mohssenbinaddi"]
[Black "brendan174"]
[Result "1-0"]
[WhiteElo "2224"]
[BlackElo "2100"]
[TimeControl "180+2"]
[EndTime "14:22:15 PST"]
[Termination "mohssenbinaddi won by resignation"]

1. e4 e5 2. Nf3 Nc6 3. Bc4 Bc5 4.
d4 exd4 5. Ng5 Ne5 6. Nxf7 Nxf7 7. Bxf7+ Kxf7 8. Qh5+ g6 9. Qd5+ Kf8 10. Qxc5+ d6 11.
Qxd4 Qf6 12. Bh6+ Kf7 13. Qc4+ Ke8 14. Bc1 Be6 15. Qxc7 Rc8 16. Qxb7 Rxc2 17. O-O Bc4 18. Qc6+ Kf7 19. Nd2 Ne7 20. Qa4 Bxf1 21. Qxc2 Rc8 22. Qb3+ Kg7 23. Nxf1 Rf8 24. Be3 Nc6 25. Rd1 Ne5 26.
f4 Nc6 27. Qb7+ 1-0

[Event "*** Titled Tuesday Blitz"]
[Site "Chess.com"]
[Date "2020.01.07"]
[Round "6"]
[White "BasilSmash"]
[Black "GadimbayliA"]
[Result "0-1"]
[WhiteElo "2448"]
[BlackElo "2954"]
[TimeControl "180+2"]
[EndTime "14:22:19 PST"]
[Termination "GadimbayliA won by checkmate"]

1. d4 d5 2. Nf3 Nc6 3. g3 Bg4 4. Bg2 Qd7 5. O-O f6 6. c4 e6 7. Nc3 dxc4 8. Qa4 Nge7 9. Qxc4 Nd5 10. Rd1 O-O-O 11. h3 Bh5 12. Qb3 g5 13. e4 Ndb4 14.
Qa4 Bxf3 15. Bxf3 Nxd4 16. Qxa7 Nxf3+ 17. Kg2 Ne1+ 18. Kf1 Qxd1 19. Nxd1 Nec2 20. Rb1 Rxd1+ 21. Ke2 Re1+ 22. Kf3 e5 23. a3 Nd4+ 24. Kg2 Nd3 25. Qa4 c6 26. Qc4 Rd1 27. Bxg5 Ne1+ 28. Kf1 Rxb1 29.
Bxf6 Nef3+ 30. Kg2 Rg1# 0-1

[Event "*** Titled Tuesday Blitz"]
[Site "Chess.com"]
[Date "2020.01.07"]
[Round "6"]
[White "OparinGrigoriy"]
[Black "enriquetejedor"]
[Result "1-0"]
[WhiteElo "3030"]
[BlackElo "2484"]
[TimeControl "180+2"]
[EndTime "14:22:22 PST"]
[Termination "OparinGrigoriy won by checkmate"]

1. d4 Nf6 2. c4 c5 3. Nf3 cxd4 4. Nxd4 d5 5. cxd5 Nxd5 6. e4 Nb4 7. Be3 N8c6 8. a3 Nxd4 9. axb4 e5 10. Bxd4 exd4 11. Bb5+ Bd7 12. Qa4 Bxb5 13. Qxb5+ Qd7 14. Na3 Qxb5 15. Nxb5 Bxb4+ 16. Ke2 d3+ 17. Kxd3 O-O-O+ 18. Kc4 a5 19. Rhd1 b6 20. Kb3 Bc5 21. f3 Kb7 22. Nc3 Kc6 23. Rac1 Kb7 24. Ka4 Kc6 25. Nd5 Rd6 26. g4 h5 27. g5 b5+ 28. Kb3 a4+ 29.
Ka2 b4 30. Nxb4+ Kb5 31. Nd5 Rb8 32. Rd3 Ba7 33. b3 Ka5 34. bxa4 f6 35. gxf6 gxf6 36. Rb3 Rg8 37. Rb5+ Ka6 38. Nb4# 1-0

[Event "*** Titled Tuesday Blitz"]
[Site "Chess.com"]
[Date "2020.01.07"]
[Round "6"]
[White "Naruto-K"]
[Black "Faqade"]
[Result "0-1"]
[WhiteElo "2492"]
[BlackElo "2654"]
[TimeControl "180+2"]
[EndTime "14:22:25 PST"]
[Termination "Faqade won by resignation"]

1. d4 Nf6 2. c4 e6 3. g3 Bb4+ 4.
Bd2 Bxd2+ 5. Qxd2 O-O 6. Bg2 d6 7. Nc3 e5 8. Nf3 Qe7 9. e3 Bg4 10.
O-O Nc6 11. Nd5 Qd8 12. h3 Bxf3 13. Bxf3 exd4 14. exd4 Nxd5 15. Bxd5 Qf6 16. Rad1 Rfe8 17. b4 Rab8 18. b5 Ne7 19. Bg2 Nf5 20. a4 h5 21.
Qf4 Re7 22. Be4 Nh6 23. Qxf6 gxf6 24. Bd3 Rbe8 25. f3 Kg7 26. h4 f5 27. Kf2 Kf6 28. Rfe1 Rxe1 29. Rxe1 Rxe1 30. Kxe1 f4 31. c5 fxg3 32.
a5 b6 0-1

[Event "*** Titled Tuesday Blitz"]
[Site "Chess.com"]
[Date "2020.01.07"]
[Round "6"]
[White "ChessBitl"]
[Black "Teidi96"]
[Result "1-0"]
[WhiteElo "2369"]
[BlackElo "2171"]
[TimeControl "180+2"]
[EndTime "14:22:25 PST"]
[Termination "ChessBitl won by resignation"]

1. e4 c5 2. Nf3 e6 3. c4 Nc6 4. Nc3 d6 5. d4 cxd4 6. Nxd4 a6 7. Be3 Nf6 8. f3 Qc7 9. Qd2 Be7 10. Rc1 Nb8 11.
Be2 Nbd7 12. O-O b6 13. Rfd1 Bb7 14. b4 O-O 15. a3 Rac8 16. Nb3 Qb8 17. Bf4 Ne5 18. Na4 Bc6 19. b5 axb5 20. cxb5 Ba8 21. Nd4 Qa7 22. Nc3 Nc4 23. Qa2 Qxa3 24. Bxc4 Qxa2 25.
Bxa2 e5 26. Nf5 Rfe8 27. Be3 Rb8 28. Nxe7+ Rxe7 29. Nd5 Nxd5 30. Bxd5 Bxd5 31. exd5 Ra7 32. Rc6 Ra5 33. Rb1 Kf8 34. Rxb6 Rd8 35. Rc1 Ra2 36. Rbc6 Rb2 37. b6 Ra8 38. Rc8+ Rxc8 39. Rxc8+ Ke7 40. Rc7+ Kf6 41. b7 1-0

[Event "*** Titled Tuesday Blitz"]
[Site "Chess.com"]
[Date "2020.01.07"]
[Round "6"]
[White "hazy13"]
[Black "Simon2049"]
[Result "0-1"]
[WhiteElo "2207"]
[BlackElo "2195"]
[TimeControl "180+2"]
[EndTime "14:22:36 PST"]
[Termination "Simon2049 won on time"]

1. d4 Nf6 2. c4 e6 3. g3 d5 4. Nf3 Be7 5. Bg2 O-O 6. O-O dxc4 7. Ne5 Nc6 8. Bxc6 bxc6 9. Nxc6 Qe8 10. Nxe7+ Qxe7 11.
Nd2 e5 12. Nxc4 exd4 13. Qxd4 Bb7 14. Be3 Nd5 15. Rac1 Rfe8 16. Na5 Nxe3 17. fxe3 Be4 18. Nc6 Qe6 19. Nb4 c6 20. Rcd1 a5 21. Nd3 Qxa2 22.
Nc5 Qd5 23. Nxe4 Qxe4 24. Qxe4 Rxe4 25. Rd7 Rf8 26. Kf2 Re5 27. Rc1 g6 28. Rxc6 Rfe8 29.
Rd3 Rf5+ 30. Kg2 Rb5 31. Ra6 Rxb2 32. Rxa5 Rxe2+ 33. Kf3 Rxh2 34. Ra7 Rh1 35. Rdd7 Re1 36. Rxf7 Rf1+ 0-1